 Dungeon Crawl Stone Soup version 0.22.0-49-gab54619 (webtiles) character file.

10303 nicolaieve the Basher (level 11, -30/99 HPs)
             Began as a Minotaur Berserker on Sept 5, 2018.
             Was a High Priest of Trog.
             Killed from afar by Fannar (33 damage)
             ... with a bolt of cold
             ... on level 10 of the Dungeon.
             The game lasted 00:40:50 (8697 turns).

nicolaieve the Basher (Minotaur Berserker)          Turns: 8697, Time: 00:40:50

Health: -30/99     AC: 22    Str: 22    XL:     11   Next: 34%
Magic:  10/10      EV:  4    Int:  4    God:    Trog [*****.]
Gold:   660        SH: 16    Dex: 13    Spells: 10/10 levels left

rFire    . . .     SeeInvis +   y - +0 whip
rCold    . . .     Gourm    .   F - +0 large shield (curse)
rNeg     . . .     Faith    .   j - +0 plate armour
rPois    .         Spirit   .   (helmet restricted)
rElec    .         Reflect  .   (no cloak)
rCorr    .         Harm     .   (no gloves)
MR       .....                  m - +0 pair of boots
Stlth    ..........             (no amulet)
HPRegen  0.26/turn              P - +6 ring of protection
MPRegen  0.12/turn              D - ring of see invisible

@: berserk cooldown, fainting, slowed, very slow
A: retaliatory headbutt, horns 2
a: Berserk, Trog's Hand, Brothers in Arms, Renounce Religion


You were on level 10 of the Dungeon.
You worshipped Trog.
Trog was extremely pleased with you.
You were fainting.

You visited 1 branch of the dungeon, and saw 10 of its levels.
You also visited: Ossuary.

You collected 660 gold pieces.

Inventory:

Hand Weapons
 a - a +0 mace
 q - a +0 hunting sling
 y - a +0 whip (weapon)
Missiles
 s - 3 curare-tipped needles
 t - 100 stones (quivered)
 I - 6 throwing nets
Armour
 j - a +0 plate armour (worn)
 m - a +0 pair of boots (worn)
 F - a cursed +0 large shield (worn)
Magical Staves
 o - an uncursed staff of fire
Jewellery
 D - a ring of see invisible (right hand)
 J - an uncursed ring of flight
 P - a +6 ring of protection (left hand)
Wands
 w - a wand of clouds (8)
 E - a wand of flame (71)
 G - a wand of enslavement (24)
 O - a wand of paralysis (18)
Scrolls
 d - 2 scrolls of immolation
 e - 5 scrolls of teleportation {unknown}
 g - 2 scrolls of fog {unknown}
 h - a scroll of identify
 k - a scroll of magic mapping {unknown}
 l - 7 scrolls of remove curse
 x - a scroll of noise {unknown}
 z - a scroll of acquirement {unknown}
 A - 2 scrolls of summoning {unknown}
 B - a scroll of fear {unknown}
 K - a scroll of amnesia {unknown}
 M - a scroll of enchant weapon {unknown}
 N - a scroll of brand weapon {unknown}
Potions
 b - 7 potions of curing
 f - 2 potions of resistance
 i - 7 potions of heal wounds
 n - 3 potions of flight
 p - 3 potions of agility
 r - a potion of berserk rage {unknown}
 u - 2 potions of ambrosia
 v - 2 potions of might
 H - a potion of cancellation
Comestibles
 c - 22 rations


   Skills:
 - Level 9.6 Fighting
 - Level 14.0 Maces & Flails
 + Level 2.7 Slings
 - Level 10.8 Armour
 - Level 2.1 Dodging
 * Level 7.4 Shields


You had 10 spell levels left.
You didn't know any spells.
Your spell library was empty.

Dungeon Overview and Level Annotations

Branches:
Dungeon (10/15)            Temple (0/1) D:7             Orc (0/2) D:10
   Lair: D:8-11

Altars:
Cheibriados
Dithmenos
Elyvilon
Kikubaaqudgha
Makhleb
Okawaru
Qazlal
Sif Muna
Trog
Uskayaw
Wu Jian
Xom
Zin
The Shining One

Shops:
D:5 :   D:10 =

Annotations:
D:10 Fannar


Innate Abilities, Weirdness & Mutations

You reflexively headbutt those who attack you in melee.
You have a pair of horns on your head.


Message History

Fannar hits you with a staff of cold. Fannar freezes you!
The ice beast hits you but does no damage. x2
You hit Fannar but do no damage. Your headbutt misses Fannar.
Fannar is almost dead.
Your skin stops crawling.
You feel less resistant to hostile enchantments.
You block the ice beast's attack.
Fannar mumbles some strange words.
Fannar blinks!
You block the ice beast's attack. The ice beast hits you.
The ice beast freezes you!
Fannar gestures wildly while chanting.
Fannar gestures wildly while chanting.
Fannar drains the heat from the surrounding environment!
You feel very cold.
* * * LOW HITPOINT WARNING * * *
Fannar is frozen.
Fannar resists.
Fannar is almost dead.
Fannar casts a spell at you. The bolt of cold hits you!
You die...

... #... ...##...
.# #.....###.# .#
#.........#
.'.#...... ..#
#.'.....###.#
#....ยง....#
##....Y....#
....##@Y....#
.#......###.#
.......e.# #.#
####.....Y..###.#
#..####.........#
#..# #####.....#
#..# #..##.#
#..#### #.....#
#..##.#####.....#


You could see Fannar and 3 ice beasts.

Vanquished Creatures
  Harold (D:7)
  2 two-headed ogres
  The ghost of jerryfan the Magician, a novice DsWn of Vehumet (D:6)
  2 centaur skeletons (D:10)
  The ghost of Paps the Cudgeler, a novice GrGl of Qazlal (D:5)
  2 trolls
  Prince Ribbit (D:6)
  A hippogriff (D:3)
  Sigmund (D:2)
  A spriggan (D:7)
  7 yaks
  A wyvern (D:9)
  Eustachio (D:6)
  A steam dragon (D:8)
  Menkaure (D:6)
  A hungry ghost (D:9)
  A water moccasin (D:5)
  3 black bears
  2 sky beasts
  An eye of draining (D:9)
  4 orc warriors
  5 ice beasts
  A phantom (D:8)
  2 ogres
  3 centaurs
  5 bullfrogs
  2 scorpions
  4 killer bees (D:8)
  4 wights (D:9)
  4 howler monkeys
  A crimson imp (D:6)
  A bullfrog zombie (D:6)
  4 centaur zombies
  6 orc priests
  2 bullfrog skeletons
  4 jellies
  4 human zombies
  5 hounds
  A gnoll shaman (D:7)
  6 orc wizards
  5 iguanas
  7 worker ants
  A killer bee zombie (D:6)
  A big kobold zombie (Ossuary)
  A hound zombie (D:6)
  2 mummies (Ossuary)
  A worker ant zombie (D:9)
  7 gnolls (D:7)
  8 adders
  An adder zombie (Ossuary)
  6 worms
  A dart slug (D:4)
  6 leopard geckos
  24 orcs
  2 ball pythons
  3 giant cockroaches
  7 goblins
  10 hobgoblins
  5 jackals (D:5)
  2 kobolds
  3 quokkas
  5 bats
  3 frilled lizards
  11 hobgoblin zombies (Ossuary)
  6 kobold zombies
  12 orc zombies (Ossuary)
  A quokka zombie (D:7)
  6 rats
  A rat zombie (Ossuary)
248 creatures vanquished.

Vanquished Creatures (collateral kills)
  An orc warrior (D:7)
  A black bear (D:7)
  A worker ant (D:7)
3 creatures vanquished.

Grand Total: 251 creatures vanquished

Notes
Turn   | Place    | Note
-------+----------+-------------------------------------------
     0 | D:1      | nicolaieve the Minotaur Berserker began the quest for the
                  | Orb.
     0 | D:1      | Reached XP level 1. HP: 19/19 MP: 0/0
   119 | D:1      | Reached skill level 4 in Maces & Flails
   124 | D:1      | Found an iron altar of Okawaru.
   255 | D:1      | Reached XP level 2. HP: 26/26 MP: 1/1
   864 | D:2      | Found an ornate altar of the Wu Jian Council.
   911 | D:2      | Found a bloodstained altar of Trog.
   919 | D:2      | Reached skill level 5 in Maces & Flails
  1065 | D:2      | Reached XP level 3. HP: 29/31 MP: 2/2
  1080 | D:2      | Noticed Sigmund
  1247 | D:2      | Found a bloodstained altar of Trog.
  1254 | D:2      | Killed Sigmund
  1254 | D:2      | Reached skill level 7 in Maces & Flails
  1254 | D:2      | Reached XP level 4. HP: 39/39 MP: 3/3
  1254 | D:2      | Reached XP level 5. HP: 45/45 MP: 4/4
  1599 | D:3      | Found a white marble altar of Elyvilon.
  1618 | D:3      | Reached ** piety under Trog
  1625 | D:3      | Noticed a hippogriff
  1637 | D:3      | Killed a hippogriff
  1637 | D:3      | Reached skill level 9 in Maces & Flails
  1637 | D:3      | Reached XP level 6. HP: 24/51 MP: 5/5
  2341 | D:3      | Found an ancient bone altar of Kikubaaqudgha.
  2427 | D:4      | Found a transporter.
  2485 | D:4      | Reached XP level 7. HP: 38/57 MP: 6/6
  2653 | D:4      | Reached skill level 10 in Maces & Flails
  2744 | D:4      | Found a transporter.
  3275 | D:5      | Entered Level 5 of the Dungeon
  3296 | D:5      | Found a runed door.
  3296 | D:5      | Noticed Paps's ghost (novice GrGl)
  3306 | D:5      | Reached skill level 11 in Maces & Flails
  3361 | D:5      | Reached XP level 8. HP: 64/64 MP: 7/7
  3380 | D:5      | Reached skill level 12 in Maces & Flails
  3488 | D:5      | Reached skill level 13 in Maces & Flails
  3740 | D:5      | Found Xilic's Book Emporium.
  4176 | D:6      | Reached XP level 9. HP: 71/71 MP: 8/8
  4197 | D:6      | Found a shadowy altar of Dithmenos.
  4351 | D:6      | Reached skill level 14 in Maces & Flails
  4421 | D:6      | Found a sand-covered staircase.
  4424 | D:6      | Noticed Prince Ribbit
  4443 | Ossuary  | Entered an ossuary
  4530 | Ossuary  | Reached *** piety under Trog
  4741 | D:6      | Killed Prince Ribbit
  4741 | D:6      | Reached skill level 5 in Fighting
  4741 | D:6      | Reached skill level 5 in Armour
  4770 | D:6      | Found a runed door.
  4771 | D:6      | Noticed jerryfan's ghost (novice DsWn)
  4783 | D:6      | Noticed Menkaure
  4791 | D:6      | Killed Menkaure
  4905 | D:6      | Found a burning altar of Makhleb.
  4958 | D:6      | Noticed Eustachio
  4983 | D:6      | Killed Eustachio
  5039 | D:6      | Reached **** piety under Trog
  5298 | D:5      | Killed Paps's ghost
  5503 | D:6      | Killed jerryfan's ghost
  5503 | D:6      | Reached XP level 10. HP: 86/86 MP: 9/9
  5752 | D:7      | Noticed a two-headed ogre
  5763 | D:7      | Killed a two-headed ogre
  5827 | D:7      | Found a staircase to the Ecumenical Temple.
  5845 | D:7      | Noticed Harold
  5873 | D:7      | Killed Harold
  5898 | D:7      | HP: 3/90 [orc warrior/enchanted long sword (9)]
  5901 | D:7      | HP: 1/90 [worker ant (5)]
  6245 | D:7      | Found a deep blue altar of Sif Muna.
  6439 | D:8      | Reached skill level 10 in Armour
  6445 | D:8      | Found a shadowy altar of Dithmenos.
  6553 | D:8      | Reached skill level 1 in Slings
  6797 | D:8      | Noticed a two-headed ogre
  6800 | D:8      | Got a shimmering buckler
  6804 | D:8      | Killed a two-headed ogre
  6804 | D:8      | Reached XP level 11. HP: 97/97 MP: 10/10
  6818 | D:8      | Identified the cursed -4 buckler of the True Pharaoh {MP+9}
                  | (You found it on level 8 of the Dungeon)
  6842 | D:8      | Found a glowing silver altar of Zin.
  7155 | D:9      | Found a shimmering altar of Xom.
  7156 | D:9      | Found a stormy altar of Qazlal.
  7164 | D:9      | Found an iron altar of Okawaru.
  7513 | D:9      | Found a glowing golden altar of the Shining One.
  7641 | D:9      | Found a snail-covered altar of Cheibriados.
  7737 | D:10     | Entered Level 10 of the Dungeon
  7756 | D:10     | Reached skill level 5 in Shields
  7777 | D:10     | Found a hide-covered altar of Uskayaw.
  7895 | D:10     | Found Wousait's Jewellery Emporium.
  7968 | D:10     | Found a staircase to the Orcish Mines.
  8003 | D:10     | Reached ***** piety under Trog
  8296 | D:10     | Noticed Fannar
  8697 | D:10     | HP: 3/99 [Fannar/Ozocubu's Refrigeration (27)]
  8697 | D:10     | Killed from afar by Fannar

Skill      XL: |  1  2  3  4  5  6  7  8  9 10 11 |
---------------+----------------------------------+-----
Maces & Flails | 4 5 7 9 11 13 14 | 14.0
Armour         | 8 10 | 10.8
Fighting       | 7 9 |  9.6
Shields        | 4 7 |  7.4
Slings         | 2 |  2.7
Dodging        | |  2.1

Action                   |  1- 3 |  4- 6 |  7- 9 | 10-12 || total
-------------------------+-------+-------+-------+-------++-------
Melee: Mace              |    53 |    87 |   106 |       ||   246
       Headbutt          |     7 |    21 |   100 |   122 ||   250
       Whip              |       |       |   301 |   503 ||   804
 Fire: Hunting sling     |       |       |       |     1 ||     1
Throw: Stone             |       |       |       |    19 ||    19
Invok: Berserk           |     2 |     1 |     9 |    10 ||    22
       Trog's Hand       |       |       |     4 |     3 ||     7
       Brothers in Arms  |       |       |       |     2 ||     2
  Use: Potion            |       |       |       |     3 ||     3
       Scroll            |       |       |       |    10 ||    10
  Eat: Chunk             |     1 |     6 |    14 |    21 ||    42
       Ration            |       |       |     1 |       ||     1
Armor: Plate armour      |    28 |    59 |   178 |   190 ||   455
       Leather armour    |     1 |       |       |       ||     1
Dodge: Dodged            |    20 |    27 |   102 |    72 ||   221
Block: Large shield      |       |       |       |   169 ||   169
